 Dungeon Crawl Stone Soup version 0.30.0-30-g96aa6591b8 (webtiles) character file.

Game seed: 13597752808721963930

597 7w4c the Poker (level 7, -4/50 HPs)
             Began as a Human Wanderer on June 26, 2023.
             Collided with a rock wall (16 damage)
             ... caused by a wretched star
             ... on level 1 of the Abyss.
             The game lasted 00:17:51 (2620 turns).

7w4c the Poker (Human Wanderer)                     Turns: 2620, Time: 00:17:54

Health: -4/50      AC: 14    Str: 14    XL:     7   Next: 68%
Magic:  7/7        EV:  4    Int: 10    God:
Gold:   137        SH:  0    Dex: 15    Spells: 6/6 levels left

rFire   . . .        j - +2 spear (freeze)
rCold   . . .        (no shield)
rNeg    . . .        l - +0 plate armour
rPois   .            (no helmet)
rElec   .            (no cloak)
rCorr   .            i - +1 pair of gloves
SInv    .            k - +0 pair of boots
Will    .....        q - amulet of magic regeneration Stlth
                     (no ring)
HPRegen 0.28/turn    (no ring)
MPRegen 0.50/turn

%: no passive effects
@: slowed, very slow
A: no striking features
a: no special abilities


You were on level 1 of the Abyss.
You visited 1 branch of the dungeon, and saw 4 of its levels.
You visited the Abyss 1 time.

You collected 137 gold pieces.

Inventory:

Hand Weapons
 a - a +2 spear
 e - a +0 scythe
 j - a +2 spear of freezing (weapon)
Missiles
 c - 10 poisoned darts (quivered)
 g - 29 stones
Armour
 i - a +1 pair of gloves (worn)
 k - a +0 pair of boots (worn)
 l - a +0 plate armour (worn)
Jewellery
 q - an amulet of magic regeneration (around neck)
Wands
 p - a wand of flame (14)
Scrolls
 b - a scroll of amnesia {unknown}
 h - a scroll of fog
 m - a scroll of blinking
 o - a scroll of enchant weapon {unknown}
Potions
 d - 2 potions of cancellation {unknown}
 f - a potion of degeneration {unknown}
 n - 3 potions of curing
 r - a potion of heal wounds {unknown}


   Skills:
 + Level 2.1 Fighting
 + Level 2.2(5.1) Axes
 + Level 7.2(7.4) Polearms
 + Level 2.2 Throwing
 + Level 3.4 Armour
 + Level 1.2 Dodging
 + Level 0.2 Stealth
 + Level 1.0 Invocations


You had 6 spell levels left.
You didn't know any spells.
Your spell library contained the following spells:

 Spells                   Type           Power      Damage    Failure   Level
 Cigotuvi's Dreadful Rot  Necr/Pois/Air  0%         N/A       100%        2
 Ignite Poison            Fire/Tmut/Pois 0%         N/A       100%        3
 Petrify                  Tmut/Erth      0%         N/A       100%        4
 Freezing Cloud           Conj/Ice/Air   0%         6-21      100%        5
 Metabolic Englaciation   Hex/Ice        0%         N/A       100%        5
 Statue Form              Tmut/Erth      0%         N/A       100%        6


Dungeon Overview and Level Annotations

Branches:
Dungeon (4/15)
 Temple: D:4-7

Altars:
Dithmenos
Makhleb
The Shining One

Portals:
Abyss: D:4


Message History

You destroy BillyBaka's ghost!
The white imp gestures at you. The puff of frost misses you.
Your Fighting skill increases to level 2!
Your Polearms skill increases to level 7!
Your Armour skill increases to level 3!
The white imp hits you but does no damage.
You hit the white imp.
The white imp is almost dead.
The white imp hits you but does no damage. x2
You hit the white imp but do no damage.
The white imp is almost dead.
The white imp hits you. The white imp freezes you.
You closely miss the white imp.
The white imp is almost dead.
The white imp hits you but does no damage.
You hit the white imp.
You kill the white imp!
There is a one-way gate to the infinite horrors of the Abyss here.
If you enter this portal you might not be able to return immediately.
Continue?
This branch contains the abyssal rune of Zot.
A wretched star comes into view.
You hit the wretched star.
The wretched star is lightly damaged.
You hit the wretched star but do no damage.
The wretched star is lightly damaged.
You hit the wretched star but do no damage.
The wretched star is lightly damaged.
The wretched star glows turbulently.
The lance of force hits you!
You are knocked back by the lance of force.
You slam into the rock wall!
You hit the wretched star.
The wretched star is lightly damaged.
The wretched star glows turbulently.
The lance of force hits you!
* * * LOW HITPOINT WARNING * * *
You are knocked back by the lance of force.
You slam into the rock wall!
You die...

#..# ..#.# ....
.... .#.# #∩## #
##.*# ...
#.#.###....#
#.@........
#....#.##..##...
..##.#. ###
.....## §.#. # #


You could see a wretched star.

Vanquished Creatures
  The ghost of BillyBaka the Ducker, a novice DjAE (D:4)
  Sigmund (D:2)
  An orc priest (D:3)
  An orc wizard (D:3)
  4 gnolls (D:3)
  2 adders
  A white imp (D:4)
  2 worms (D:2)
  4 dart slugs
  9 orcs
  5 ball pythons
  9 bats
  4 endoplasms
  3 giant cockroaches
  5 goblins
  3 hobgoblins
  5 jackals (D:1)
  3 kobolds
  2 quokkas
  3 frilled lizards
  6 rats
74 creatures vanquished.

Notes
Turn   | Place    | Note
-------+----------+-------------------------------------------
     0 | D:1      | 7w4c the Human Wanderer began the quest for the Orb.
     0 | D:1      | 7w4c set off with the following items: a +2 spear, a +0
                  | hand axe, 8 poisoned darts, a +0 dagger, a potion of
                  | berserk rage, a +0 leather armour.
     0 | D:1      | Reached XP level 1. HP: 13/13 MP: 1/1
    87 | D:1      | Reached XP level 2. HP: 19/19 MP: 2/2
   470 | D:1      | Reached XP level 3. HP: 22/24 MP: 3/3
   476 | D:1      | You fall into a shaft and drop 1 floor!
  1025 | D:2      | Reached skill level 5 in Polearms
  1105 | D:2      | Reached XP level 4. HP: 30/30 MP: 4/4
  1197 | D:2      | Noticed Sigmund
  1212 | D:2      | Killed Sigmund
  1213 | D:2      | Reached skill level 1 in Fighting
  1213 | D:2      | Reached skill level 6 in Polearms
  1213 | D:2      | Reached skill level 1 in Armour
  1213 | D:2      | Reached XP level 5. HP: 20/37 MP: 5/5
  1213 | D:2      | Reached XP level 6. HP: 23/43 MP: 6/6
  1631 | D:3      | Found a burning altar of Makhleb.
  1631 | D:3      | Noticed a green death
  1723 | D:3      | Found a glowing golden altar of the Shining One.
  2066 | D:3      | Found a shadowy altar of Dithmenos.
  2134 | D:3      | Reached XP level 7. HP: 27/48 MP: 7/7
  2528 | D:4      | Found a transporter.
  2536 | D:4      | Noticed BillyBaka's ghost (novice DjAE)
  2536 | D:4      | Found a one-way gate to the infinite horrors of the Abyss.
  2560 | D:4      | Killed BillyBaka's ghost
  2561 | D:4      | Reached skill level 7 in Polearms
  2571 | D:4      | Voluntarily entered the Abyss.
  2613 | Abyss:1  | Noticed a wretched star
  2620 | Abyss:1  | Collided with a rock wall

Illustrated notes

Levels and vault maps discovered:
D:1:      lightli_arrival_statue_moat, layout_basic
D:2:      layout_basic, uniq_sigmund
D:3:      layout_rooms, makhleb_altar_promises_db,
          nicolae_tso_swordbearing_angel, nicolae_dithmenos_shadow_blocks
D:4:      layout_loops_ring, gammafunk_ghost_abyssal_escape, minmay_manual_moon
Abyss:1:  base:
Temple

Skill      XL: |  1  2  3  4  5  6  7 |
---------------+----------------------+-----
Polearms       | 5 6 7 |  7.2
Fighting       | 1 2 |  2.1
Armour         | 1 2 3 |  3.4
Axes           | |  2.2
Throwing       | |  2.2
Dodging        | |  1.2
Stealth        | |  0.2
Invocations    | |  1.0

Action                     |  1- 3 |  4- 6 |  7- 9 || total
---------------------------+-------+-------+-------++-------
  Melee: Spear             |    87 |    88 |    41 ||   216
  Throw: Dart              |     1 |     6 |       ||     7
    Use: Scroll            |     6 |     3 |       ||     9
         Potion            |       |     3 |       ||     3
 Armour: Leather armour    |     3 |       |       ||     3
         Plate armour      |    39 |    31 |    24 ||    94
         Ring mail         |     6 |       |       ||     6
  Dodge: Dodged            |    19 |    14 |     4 ||    37
